 Dungeon Crawl Stone Soup version 0.26.0-10-g1f06aea511 (webtiles) character file.

Game seed: 2786837957250432005

25335 dohliylev the Nimble (level 12, -4/123 HPs)
             Began as a Troll Warper on Jan 28, 2021.
             Was a High Priest of the Shining One.
             Slain by an orc warrior
             ... wielding a +0 dire flail
             ... led by an orc warlord
              (11 damage)
             ... on level 1 of the Orcish Mines.
             The game lasted 00:38:19 (13825 turns).

dohliylev the Nimble (Troll Warper)                Turns: 13825, Time: 00:38:19

Health: -4/123     AC: 11    Str: 26    XL:     12   Next: 88%
Magic:  13/13      EV: 15    Int:  6    God:    the Shining One [*****.]
Gold:   1268       SH:  0    Dex:  9    Spells: 11/13 levels left

rFire    + . .     SeeInvis .     - Unarmed
rCold    . . .     Faith    .   (no shield)
rNeg     + + .     Spirit   .   J - +3 troll leather armour {Snorg}
rPois    .         Reflect  .   (helmet restricted)
rElec    .         Harm     .   (no cloak)
rCorr    .         Rampage  .   (gloves unavailable)
Will     ++...     Rnd*Rage +   (boots unavailable)
Stlth    +.........             B - necklace of Bloodlust {*Rage +Rage Will++ Int-3 Slay+6 *Curse} (curse)
HPRegen  1.10/turn              s - ring of fire
MPRegen  0.13/turn              f - ring of protection from cold

@: glowing
A: large, unfitting armour, claws 3, regeneration 1, shaggy fur 1, tough skin 3
a: Renounce Religion, Evoke Berserk Rage, Divine Shield, Cleansing Flame, Summon
Divine Warrior


You were on level 1 of the Orcish Mines.
You worshipped the Shining One.
The Shining One was extremely pleased with you.
You visited 4 branches of the dungeon, and saw 16 of its levels.
You also visited: Bailey.

You collected 1268 gold pieces.

Inventory:

Missiles
 w - 7 boomerangs (quivered)
Armour
 A - a +1 robe of fire resistance
 F - a +2 robe of cold resistance
 J - a +3 troll leather armour (worn) {Snorg}
 K - +0 ice dragon scales
Jewellery
 f - a ring of protection from cold (right claw)
 g - an uncursed ring of ice
 n - an uncursed ring of poison resistance
 s - a ring of fire (left claw)
 B - the cursed necklace of Bloodlust (around neck) {*Rage +Rage Will++ Int-3 Slay+6 *Curse}
   (You found it on level 7 of the Dungeon)

   [amulet of nothing]

   It affects your intelligence (-3).
   It affects your accuracy and damage with ranged weapons and melee attacks
   (+6).
   It affects your willpower, your defense against some magical effects.
   It lets you go berserk.
   It may make you go berserk in combat.
   It curses itself when equipped.
   It has a curse placed upon it.
Wands
 L - a wand of acid (9)
 M - a wand of iceblast (6)
Scrolls
 a - a scroll of summoning
 b - 9 scrolls of teleportation
 c - 2 scrolls of blinking
 d - a scroll of holy word {unknown}
 e - 5 scrolls of enchant armour
 h - 4 scrolls of amnesia
 j - 4 scrolls of fear
 m - 4 scrolls of enchant weapon
 o - 3 scrolls of immolation
 p - 9 scrolls of remove curse
 t - a scroll of fog {unknown}
 x - a scroll of brand weapon {unknown}
 y - 2 scrolls of magic mapping
 D - a scroll of silence {unknown}
 G - 2 scrolls of identify
Potions
 i - 4 potions of heal wounds {unknown}
 k - 5 potions of curing {unknown}
 l - 4 potions of flight {unknown}
 q - 2 potions of lignification {unknown}
 r - a potion of attraction {unknown}
 u - 2 potions of resistance {unknown}
 v - a potion of haste {unknown}
 z - a potion of cancellation {unknown}
 C - a potion of brilliance {unknown}
 E - 8 potions of ambrosia {unknown}
 H - a potion of mutation {unknown}
 I - a potion of berserk rage {unknown}


   Skills:
 + Level 9.0 Fighting
 - Level 0.8 Throwing
 + Level 12.9 Dodging
 + Level 0.2 Shields
 - Level 10.4 Unarmed Combat
 - Level 1.4 Spellcasting
 + Level 4.5 Translocations
 + Level 1.1 Invocations


You had 11 spell levels left.
You knew the following spells:

 Your Spells              Type           Power        Failure   Level
a - Blink                 Tloc           N/A          12%         2

Your spell library contained the following spells:

 Spells                   Type           Power        Failure   Level
 Apportation              Tloc           10%          8%          1
 Gell's Gravitas          Tloc           2%           22%         3
 Lesser Beckoning         Tloc           2%           22%         3
 Teleport Other           Tloc           5%           22%         3
 Magic Dart               Conj           0%           45%         1
 Sandblast                Erth           0%           45%         1
 Sting                    Tmut/Pois      0%           45%         1
 Summon Small Mammal      Summ           0%           45%         1
 Call Imp                 Summ           0%           58%         2
 Passwall                 Tmut/Erth      0%           58%         2
 Poisonous Vapours        Pois/Air       0%           58%         2
 Slow                     Hex            0%           58%         2
 Passage of Golubria      Tloc           N/A          58%         4
 Call Canine Familiar     Summ           0%           83%         3
 Confusing Touch          Hex            0%           83%         3
 Conjure Flame            Conj/Fire      0%           83%         3
 Ignite Poison            Fire/Tmut/Pois 0%           83%         3
 Mephitic Cloud           Conj/Pois/Air  0%           83%         3
 Stone Arrow              Conj/Erth      0%           83%         3
 Summon Guardian Golem    Hex/Summ       0%           83%         3
 Tukima's Dance           Hex            0%           83%         3
 Olgreb's Toxic Radiance  Pois           0%           99%         4
 Petrify                  Tmut/Erth      0%           99%         4
 Summon Ice Beast         Ice/Summ       0%           99%         4
 Summon Lightning Spire   Summ/Air       0%           99%         4
 Alistair's Intoxication  Tmut/Pois      0%           100%        5
 Lee's Rapid Deconstruct  Erth           0%           100%        5
 Metabolic Englaciation   Hex/Ice        0%           100%        5
 Yara's Violent Unravell  Hex/Tmut       0%           100%        5
 Invisibility             Hex            0%           100%        6


Dungeon Overview and Level Annotations

Branches:
Dungeon (12/15)            Temple (1/1) D:5            Lair (1/6) D:11
    Orc (2/2) D:12            Elf (0/3) Orc:2        Bailey (visited)

Altars:
Ashenzari
Cheibriados
Dithmenos
Elyvilon
Fedhas
Gozag
Hepliaklqana
Kikubaaqudgha
Makhleb
Nemelex Xobeh
Okawaru
Qazlal
Ru
Sif Muna
Trog
Uskayaw
Vehumet
Wu Jian
Xom
Yredelemnul
Zin
The Shining One

Shops:
D:8 *   D:11 ?   D:12 !=   Orc:1 }

Portals:
Trove: D:11 (give 17 scrolls of teleportation)

Annotations:
D:9 1 runed translucent door


Innate Abilities, Weirdness & Mutations

You are too large for most types of armour.
You have claws for hands.
Your natural rate of healing is unusually fast.
You are covered in fur. (AC +1)
You have extremely tough skin. (AC +3)


Message History

The orc warrior hits you with a +0 dire flail!!
The orc warlord roars a battlecry!
The orcs go into a battle-frenzy!
The orc warrior closely misses you. x2
The orc priest mumbles some strange prayers to Beogh against you.
Beogh smites you! The orc barely misses you.
You hear a howl!
You climb upwards.
There is a stone staircase leading down, spattered with blood here.
You scratch the orc.
The orc is severely wounded.
The orc warrior hits you with a +1 scimitar of holy wrath!!
* * * LOW HITPOINT WARNING * * *
The orc hits you but does no damage.
You mangle the orc!!
You kill the orc!
The orc warrior hits you with a +0 dire flail!
* * * LOW HITPOINT WARNING * * *
The orc warrior hits you with a +0 dire flail!
You die...

##.#.#..####.......##.##..##..
#........##....#..######......
#.........#..[....# ##.....
#.................## ###....
##.##..............#####..#...
##.##...............##........
#......#.....)).....#.....#.#.
###.#........o)o...............
##............o@o...............
##...)...##.....o).......∩.......
#(.)).....#......................
#...)......................#.....
..<##..........................>.
#.####.....#.....................
### ##.........##...............
#..........###...#..........
##...#....##)#....#.........


You could see 4 orc warriors and an orc (strong).

Vanquished Creatures
  A stone giant (Orc:1)
  Snorg (D:12)
  Erica (Orc:1)
  A hydra (Lair:1)
  A two-headed ogre (Orc:1)
  Sonja (Orc:1)
  An unseen horror (Lair:1)
  An orc knight (Bailey)
  An ugly thing (D:9)
  An orc sorcerer (Orc:1)
  2 manticores
  A cyclops (D:11)
  2 centaur zombies (D:11)
  A gargoyle (D:11)
  2 cane toads (Lair:1)
  2 kobold demonologists (D:12)
  2 komodo dragons (Lair:1)
  A troll (D:10)
  A queen bee (D:9)
  A wyvern (D:11)
  A wraith (D:10)
  4 fire bats (Lair:1)
  26 yaks
  2 basilisks
  3 wargs
  A soldier ant (D:12)
  2 water moccasins
  An ice beast (D:10)
  17 orc warriors
  A black bear (D:7)
  4 wolves (Lair:1)
  3 phantoms
  3 sky beasts
  2 eyes of draining
  A necrophage (D:11)
  9 ogres
  11 centaurs
  2 big kobolds
  10 bullfrogs
  3 scorpions
  18 wights
  35 killer bees
  An electric eel (Lair:1)
  4 howler monkeys
  4 bullfrog skeletons
  3 jellies
  2 bullfrog zombies
  A gnoll shaman (D:6)
  8 hounds
  5 orc priests
  17 orc wizards
  3 centaur skeletons
  Jessica (D:2)
  3 iguanas
  9 worker ants
  A worker ant zombie (D:9)
  9 gnolls
  7 adders
  2 shadow imps (D:10)
  2 white imps (D:10)
  2 ufetubi
  3 adder skeletons
  2 worms
  4 dart slugs
  5 leopard geckos
  57 orcs
  7 giant cockroaches
  13 hobgoblins
  6 jackals
  14 kobolds
  5 quokkas
  3 bats
  6 frilled lizards
  9 goblins
  A jackal zombie (D:5)
  A leopard gecko skeleton (D:8)
  A quokka skeleton (D:5)
  8 rats
413 creatures vanquished.

Vanquished Creatures (others)
  A plant (D:11)
  4 toadstools (D:1)
5 creatures vanquished.

Grand Total: 418 creatures vanquished

Notes
Turn   | Place    | Note
-------+----------+-------------------------------------------
     0 | D:1      | dohliylev the Troll Warper began the quest for the Orb.
     0 | D:1      | Reached XP level 1. HP: 19/19 MP: 1/1
    73 | D:1      | Reached skill level 2 in Dodging
   105 | D:1      | Reached XP level 2. HP: 27/27 MP: 2/2
   306 | D:1      | Learned a level 2 spell: Blink
   352 | D:1      | Reached XP level 3. HP: 29/35 MP: 4/4
   703 | D:2      | Found a hazy altar of Hepliaklqana.
   704 | D:2      | Found a hide-covered altar of Uskayaw.
   753 | D:2      | Found an iron altar of Okawaru.
   813 | D:2      | Noticed Jessica
   823 | D:2      | Killed Jessica
   824 | D:2      | Reached XP level 4. HP: 42/42 MP: 5/5
  1654 | D:3      | Reached XP level 5. HP: 49/49 MP: 6/6
  1943 | D:4      | Reached skill level 3 in Dodging
  2049 | D:4      | Noticed an ogre
  2057 | D:4      | Killed an ogre
  2058 | D:4      | Reached XP level 6. HP: 31/59 MP: 7/7
  2157 | D:4      | Reached skill level 5 in Unarmed Combat
  2369 | D:4      | Found a bloodstained altar of Trog.
  2594 | D:5      | Entered Level 5 of the Dungeon
  2674 | D:5      | Noticed a sky beast
  2679 | D:5      | Reached XP level 7. HP: 64/66 MP: 8/8
  2728 | D:5      | Reached skill level 4 in Dodging
  2746 | D:5      | HP: 2/66 [iguana (12)]
  2942 | D:5      | Found a staircase to the Ecumenical Temple.
  2952 | Temple   | Entered the Ecumenical Temple
  2988 | Temple   | Became a worshipper of the Shining One
  3050 | D:5      | Reached XP level 8. HP: 56/74 MP: 9/9
  4028 | D:6      | Reached * piety under the Shining One
  4029 | D:6      | Reached skill level 5 in Dodging
  4557 | D:7      | Got a wizard robe
  4568 | D:7      | Identified the cursed +1 robe of Ysyuvey {Stlth+} (You
                  | found it on level 7 of the Dungeon)
  4801 | D:7      | Found a broken altar of Ashenzari.
  4875 | D:7      | Found the cursed necklace of Bloodlust {*Rage +Rage Will++
                  | Int-3 Slay+6 *Curse}
  4884 | D:7      | Reached XP level 9. HP: 83/83 MP: 10/10
  5126 | D:8      | Got a faintly humming ring mail
  5505 | D:8      | Reached skill level 10 in Unarmed Combat
  5674 | D:8      | Found Qodimod's General Store.
  5792 | D:8      | Found a glowing silver altar of Zin.
  5850 | D:8      | Found a sparkling altar of Nemelex Xobeh.
  6582 | D:9      | Reached skill level 6 in Dodging
  6603 | D:9      | Noticed a white ugly thing
  6624 | D:9      | Killed a white ugly thing
  6625 | D:9      | Reached skill level 7 in Dodging
  6625 | D:9      | Reached XP level 10. HP: 34/94 MP: 11/11
  6898 | D:9      | Reached ** piety under the Shining One
  6946 | D:9      | Reached skill level 5 in Fighting
  6957 | D:9      | Found a runed translucent door.
  6957 | D:9      | Found a white marble altar of Elyvilon.
  6957 | D:9      | Noticed an angel
  7266 | D:9      | Reached skill level 8 in Dodging
  7723 | D:10     | Entered Level 10 of the Dungeon
  7985 | D:10     | Reached *** piety under the Shining One
  8017 | D:10     | HP: 4/94 [centaur/arrow (10)]
  8021 | D:10     | Reached skill level 9 in Dodging
  9094 | D:11     | Noticed a gargoyle
  9103 | D:11     | Killed a gargoyle
  9197 | D:11     | Reached XP level 11. HP: 102/106 MP: 12/12
  9395 | D:11     | Reached skill level 10 in Dodging
  9445 | D:11     | Reached **** piety under the Shining One
  9750 | D:11     | Found Meriuw's Magic Scroll Emporium.
  9935 | D:11     | Noticed a five-headed hydra
  9947 | D:11     | Found a staircase to the Lair.
  9947 | D:11     | Noticed an unseen horror
  9962 | Lair:1   | Entered Level 1 of the Lair of Beasts
  9965 | Lair:1   | HP: 1/109 [warg (9)]
 10271 | Lair:1   | Killed an unseen horror
 10347 | Lair:1   | Killed a nine-headed hydra
 10497 | Lair:1   | Reached skill level 11 in Dodging
 10820 | Lair:1   | Reached XP level 12. HP: 119/119 MP: 13/13
 11013 | Lair:1   | Reached ***** piety under the Shining One
 11262 | D:11     | Found a portal to a secret trove of treasure.
 11457 | D:11     | Found a hide-covered altar of Uskayaw.
 11636 | D:12     | Noticed Snorg
 11662 | D:12     | Killed Snorg
 11764 | D:12     | Reached skill level 12 in Dodging
 11791 | D:12     | Found Fytar's Jewellery Shop.
 11858 | D:12     | Found Zaduiloa's Distillery.
 11877 | D:12     | Found a flagged portal.
 11888 | Bailey   | Entered a bailey
 12389 | Bailey   | HP: 3/122 [orc knight/+0 glaive (12)]
 12389 | Bailey   | The Shining One protects you from harm!
 12390 | Bailey   | The Shining One protects you from harm!
 12904 | D:12     | Found a staircase to the Orcish Mines.
 13312 | Orc:1    | Entered Level 1 of the Orcish Mines
 13314 | Orc:1    | Noticed Sonja
 13333 | Orc:1    | Reached skill level 1 in Invocations
 13334 | Orc:1    | Killed Sonja
 13369 | Orc:1    | Noticed a stone giant
 13384 | Orc:1    | Killed a stone giant
 13399 | Orc:1    | Found Naenesuy's Gadget Boutique.
 13411 | Orc:1    | Noticed Erica
 13420 | Orc:1    | Killed Erica
 13599 | Orc:2    | Entered Level 2 of the Orcish Mines
 13599 | Orc:2    | Found a staircase to the Elven Halls.
 13599 | Orc:2    | Noticed a two-headed ogre
 13599 | Orc:2    | Noticed an orc warlord
 13782 | Orc:1    | Killed a two-headed ogre
 13821 | Orc:2    | Noticed an orc high priest
 13825 | Orc:1    | Slain by an orc warrior

Illustrated notes

Levels and vault maps discovered:
D:1:      ldierk_water_garden, layout_rooms, minmay_nonomino_d4
D:2:      layout_basic, general_overflow_altar, gammafunk_temple_overflow_pools,
          uniq_jessica
D:3:      layout_loops_cross, minivault_14
D:4:      layout_cave_pools, lightli_temple_of_fire, minivault_23
D:5:      cheibrodos_fzero, layout_loops_ring, minmay_temple_entry_glass
D:6:      layout_cave_pools, serial_co_window_serial, co_window_corner_a,
          co_window_corner_a, co_window_cross_1, co_window_corner_a,
          co_window_cross_1, co_window_of_opportunity_b, co_window_broadway_b,
          co_window_unsneaky_path_a, co_window_cross_4,
          co_window_of_opportunity_c, co_window_corner_ca, co_window_paths_c,
          co_window_4corner_a, glass_columns_c, glass_columns_a
D:7:      layout_loops_ring, lemuel_coloured_pillars_altar
D:8:      layout_basic, nemelex_xobeh_ov_fountains_minmay, serial_shops, shop,
          basic_altar, nrook_uturn
D:9:      layout_basic, special_room [special_room_bee], minivault_25,
          chequers_decorated_corner, eino_small_chamber_without_monster,
          lemuel_angel_altar
D:10:     layout_roguey
D:11:     layout_cave_pools, erik_lair_orcish_takeover,
          nicolae_trove_entry_diagonal, serial_shops, shop, lemuel_centaur_altar
D:12:     layout_loops_cross, orc_0_dummy, serial_shops,
          nicolae_shop_statue_plus, kennysheep_little_box, enter_bailey_3,
          uniq_snorg
Temple:   compressed_dpeg_circular_temple
Lair:1:   layout_gridlike, guppyfry_lair_drakes, infiniplex_staircase_pool_2,
          grunt_megastairs_2, serial_bayou_shore_a
Orc:1:    layout_caves, serial_shops, shop, uniq_erica, uniq_sonja
Orc:2:    pf_orc_diabolical, layout_caves, serial_shops, nicolae_shop_crystal,
          uniq_josephine

Skill      XL: |  1  2  3  4  5  6  7  8  9 10 11 12 |
---------------+-------------------------------------+-----
Dodging        | 2 3 4 5 7 9 11 12 | 12.9
Unarmed Combat | 3 4 5 7 9 10 | 10.4
Fighting       | 2 3 4 6 7 9 |  9.0
Translocations | 3 4 |  4.5
Invocations    | 1 |  1.1
Throwing       | |  0.8
Shields        | |  0.2
Spellcasting   | |  1.4

Action                   |  1- 3 |  4- 6 |  7- 9 | 10-12 || total
-------------------------+-------+-------+-------+-------++-------
Melee: Unarmed           |    96 |   129 |   278 |   565 ||  1068
       Punch             |     2 |     2 |     7 |    22 ||    33
Throw: Boomerang         |       |       |       |     5 ||     5
 Cast: Blink             |       |       |       |    14 ||    14
Invok: Divine Shield     |       |       |       |     3 ||     3
 Abil: Evoke Berserk Rag |       |       |     1 |     1 ||     2
  Use: Scroll            |       |       |     3 |     8 ||    11
Armor: Robe              |    50 |    35 |    49 |   122 ||   256
       Troll leather arm |       |       |       |    47 ||    47
Dodge: Dodged            |    50 |    78 |   135 |   507 ||   770
Block: Other             |       |       |       |    18 ||    18
